 Dungeon Crawl Stone Soup version 0.16.1-4-g8e1b745 (webtiles) character file.

234 magipi the Poker (level 5, 0/41 HPs)
             Began as a Centaur Warper on Mar 26, 2015.
             Slain by a worker ant (3 damage)
             ... on level 4 of the Dungeon.
             The game lasted 00:13:19 (3482 turns).

magipi the Poker (Centaur Warper)                   Turns: 3482, Time: 00:13:19

Health: 0/41       AC:  4    Str: 13    XL:     5   Next: 75%
Magic:  5/8        EV:  9    Int: 12    God:
Gold:   105        SH:  0    Dex: 10    Spells: 2 memorised, 5 levels left

rFire  . . .     SeeInvis .     a - +0 spear
rCold  . . .     Clarity  .     b - +0 leather armour
rNeg   . . .     SustAb   .     (no shield)
rPois  .         Gourm    .     (no helmet)
rElec  .         Spirit   .     (no cloak)
rCorr  .         Warding  .     (no gloves)
rMut   .         Stasis   .     (no barding)
MR     .....                    (no amulet)
Stlth  ..........               (no ring)
                                (no ring)

@: lethally poisoned (0 -> -1), very slightly contaminated, very quick, not
resistant to hostile enchantments, extremely unstealthy
A: hooves 3, deformed body, speed 2, tough skin 3
a: no special abilities


You were on level 4 of the Dungeon.
You were not hungry.

You visited 1 branch of the dungeon, and saw 4 of its levels.

You collected 105 gold pieces.

Inventory:

Hand weapons
 a - a +0 spear (weapon)
Armour
 b - a +0 leather armour (worn)
Scrolls
 d - 2 scrolls of blinking
 h - 4 scrolls of identify {unknown}
 i - 2 scrolls of remove curse {unknown}
 k - a scroll of noise {unknown}
 m - a scroll of magic mapping {unknown}
 r - a scroll of random uselessness {unknown}
 t - a scroll of enchant armour {unknown}
 u - a scroll of enchant weapon {unknown}
Potions
 e - a potion of haste {unknown}
 j - a potion of heal wounds
 l - 2 potions of agility
 n - a potion of flight {unknown}
 p - a potion of resistance {unknown}
 s - a potion of curing {unknown}
Books
 c - a book of Spatial Translocations

   Spells                             Type                      Level
   a - Apportation                    Translocation                1
   b - Blink                          Translocation                2
   c - Shroud of Golubria             Charms/Translocation         2
   d - Portal Projectile              Translocation                3
   e - Teleport Other                 Translocation                3
   f - Passage of Golubria            Translocation                4
 o - a book of Fire

   Spells                             Type                      Level
   a - Ignite Poison                  Fire/Transmutation           5
   b - Fireball                       Conjuration/Fire             5
   c - Bolt of Fire                   Conjuration/Fire             6
   d - Delayed Fireball               Conjuration/Fire             7
   e - Ring of Flames                 Charms/Fire                  7
Comestibles
 f - 2 bread rations
 q - a meat ration


   Skills:
 - Level 2.0 Fighting
 + Level 4.3 Polearms
 - Level 1.3 Throwing
 - Level 0.6 Armour
 - Level 1.3 Dodging
 - Level 2.0 Spellcasting
 - Level 4.0 Translocations


You had 5 spell levels left.
You knew the following spells:

 Your Spells              Type           Power        Failure   Level  Hunger
a - Apportation           Tloc           ##........   8%          1    ##.....
b - Blink                 Tloc           N/A          12%         2    ###....


Dungeon Overview and Level Annotations

Branches:
Dungeon (4/15)
 Temple: D:4-7

Altars:


Innate Abilities, Weirdness & Mutations

You have hooves in place of feet.
Armour fits poorly on your strangely shaped body.
You cover ground very quickly.
You have extremely tough skin (AC +3).

Vault maps used:
D:1:      saegor_arrival_simple_e
D:3:      first_bread
D:4:      tgw_sif, okawaru_gym_becter


Message History

Press: ? - help, Dir - move target cursor, f - worker ant
Aim: a worker ant (moderately wounded)
You reach to attack!
You hit the worker ant.
The worker ant is moderately wounded.
The worker ant bites you.
You barely miss the worker ant.
The worker ant is moderately wounded.
Things that are here:
a dagger; a worm corpse You closely miss the worker ant.
The worker ant is moderately wounded.
The worker ant bites you.
You closely miss the worker ant.
The worker ant is moderately wounded.
The worker ant barely misses you.
You hit the worker ant.
The worker ant is heavily wounded.
The worker ant bites you but does no damage.
You hit the worker ant but do no damage.
The worker ant is heavily wounded.
The worker ant barely misses you.
You closely miss the worker ant.
The worker ant is heavily wounded.
The worker ant bites you.
You hit the worker ant but do no damage.
Your kick misses the worker ant.
The worker ant is heavily wounded.
The worker ant barely misses you.
You closely miss the worker ant. Your kick misses the worker ant.
The worker ant is heavily wounded.
The worker ant bites you but does no damage.
You hit the worker ant but do no damage.
The worker ant is heavily wounded.
The worker ant bites you.
You barely miss the worker ant.
The worker ant is heavily wounded.
The worker ant bites you.
You barely miss the worker ant.
The worker ant is heavily wounded.
The worker ant closely misses you.
You closely miss the worker ant. Your kick misses the worker ant.
The worker ant is heavily wounded.
The worker ant barely misses you.
You barely miss the worker ant.
The worker ant is heavily wounded.
The worker ant waves its antennae.
The worker ant bites you.
You hit the worker ant but do no damage.
Your kick misses the worker ant.
The worker ant is heavily wounded.
The worker ant bites you.
* * * LOW HITPOINT WARNING * * *
You are poisoned.
The worker ant poisons you! The worker ant barely misses you.
You feel sick.
You feel sick.
You feel sick.
There is a stone staircase leading up here.
You feel sick. The worker ant bites you.
* * * LOW HITPOINT WARNING * * *
You feel sick.
The worker ant waves its antennae.
Cast which spell? (? or * to list)
You miscast Blink.
You are very lightly contaminated with residual magic.
Your skin tingles.
The worker ant barely misses you.
Unknown command.
Casting: Blink
Confirm with . or Enter, or press ? or * to list all spells.
You blink.
You feel sick.
You feel sick.
Things that are here:
a dagger; a worm corpse You feel sick.
Throwing (i - inventory):
g - 2 stones (quivered)
Press: ? - help, Shift-Dir - straight line, f/p - worker ant
Aim: a worker ant (moderately wounded)
You throw a stone.
The stone closely misses the worker ant.
Throwing (i - inventory):
g - a stone (quivered)
Press: ? - help, Shift-Dir - straight line, f/p - worker ant
Aim: a worker ant (moderately wounded)
You throw a stone.
The stone hits the worker ant but does no damage.
The worker ant is moderately wounded.
Evoke which item? (* to show all) (? for menu, Esc to quit)
Attack whom?
Press: ? - help, Dir - move target cursor, f/p - worker ant
Aim: a worker ant (moderately wounded)
You reach to attack!
You barely miss the worker ant.
The worker ant is moderately wounded.
You feel sick.
Evoke which item? (* to show all) (? for menu, Esc to quit)
Attack whom?
Press: ? - help, Dir - move target cursor, f/p - worker ant
Aim: a worker ant (moderately wounded)
You reach to attack!
You hit the worker ant.
The worker ant is heavily wounded.
The worker ant bites you.
You die...

##)########
#####..(......#
#.............+
#..............# #
#..............+ .#
#..............####.#
...................#
............a.....##
.?..........@.....#
......)........#.#
..#######......#
#......# #......#
#......# ########


You could see a worker ant.

Table legend:
 A = Kills in this place as a percentage of kills in entire the game.
 B = Kills by you in this place as a percentage of kills by you in the entire game.
 C = Kills by friends in this place as a percentage of kills by friends in the entire game.
 D = Other kills in this place as a percentage of other kills in the entire game.
 E = Experience gained in this place as a percentage of experience gained in the entire game.
 F = Experience gained in this place divided by the number of levels of this place that you have seen.
                   A       B       C       D       E      F
               +-------+-------+-------+-------+-------+----------------------
         Total | 100.0 | 100.0 |  -nan |  -nan | 100.0 |  83.8
       Dungeon | 100.0 | 100.0 |  -nan |  -nan | 100.0 |  83.8
               +-------+-------+-------+-------+-------+----------------------

Vanquished Creatures
  An orc priest (D:3)
  An orc wizard (D:3)
  4 gnolls (D:3)
  3 adders
  2 giant mites (D:3)
  3 worms
  8 orcs (D:3)
  6 hobgoblins
  2 jackals (D:2)
  8 kobolds
  4 ball pythons
  9 bats
  3 giant cockroaches
  2 giant geckos
  12 goblins
  2 quokkas (D:3)
  6 rats
76 creatures vanquished.

Notes
Turn   | Place    | Note
--------------------------------------------------------------
     0 | D:1      | magipi, the Centaur Warper, began the quest for the Orb.
     0 | D:1      | Reached XP level 1. HP: 17/17 MP: 2/2
   242 | D:1      | Reached skill level 3 in Translocations
   242 | D:1      | Reached XP level 2. HP: 24/24 MP: 3/3
   673 | D:2      | Learned a level 2 spell: Blink
  1395 | D:2      | Reached XP level 3. HP: 29/29 MP: 5/5
  2002 | D:3      | Reached XP level 4. HP: 36/36 MP: 6/6
  2093 | D:3      | Reached skill level 4 in Translocations
  2346 | D:3      | Reached XP level 5. HP: 15/41 MP: 8/8
  3478 | D:4      | HP: 2/41 [poisoned by a worker ant]
  3482 | D:4      | Slain by a worker ant

Action                   |  1- 3 |  4- 6 || total
-------------------------+-------+-------++-------
Melee: Spear             |   187 |   190 ||   377
Throw: Tomahawk          |       |     5 ||     5
       Stone             |       |     4 ||     4
 Cast: Blink             |       |     1 ||     1
  Use: Potion            |       |     2 ||     2
  Eat: Chunk             |     2 |     5 ||     7

Action                   |  1- 3 |  4- 6 || total
-------------------------+-------+-------++-------
Melee: Spear             |   187 |   190 ||   377
Throw: Tomahawk          |       |     5 ||     5
       Stone             |       |     4 ||     4
 Cast: Blink             |       |     1 ||     1
  Use: Potion            |       |     2 ||     2
  Eat: Chunk             |     2 |     5 ||     7

Action                   |  1- 3 |  4- 6 || total
-------------------------+-------+-------++-------
Melee: Spear             |   187 |   190 ||   377
Throw: Tomahawk          |       |     5 ||     5
       Stone             |       |     4 ||     4
 Cast: Blink             |       |     1 ||     1
  Use: Potion            |       |     2 ||     2
  Eat: Chunk             |     2 |     5 ||     7
